 Dungeon Crawl Stone Soup version 0.30-a0-672-gc3a7216ad8 (webtiles) character file.

Game seed: 9559484150696959302

177 bande the Covered (level 5, -4/33 HPs)
             Began as a Gargoyle Fighter on Jan 19, 2023.
             Slain by Sigmund
             ... wielding a +1 scythe of freezing
              (8 damage)
             ... on level 3 of the Dungeon.
             The game lasted 00:03:51 (1604 turns).

bande the Covered (Gargoyle Fighter)                Turns: 1604, Time: 00:03:52

Health: -4/33      AC: 10    Str: 19    XL:     5   Next: 57%
Magic:  5/5        EV: 10    Int:  9    God:
Gold:   123        SH:  4    Dex: 11    Spells: 4/4 levels left

rFire   . . .      SeeInvis .    a - +0 war axe
rCold   . . .      Faith    .    c - +0 buckler
rNeg    + . .      Spirit   .    m - +1 ring mail {Will+}
rPois   ∞          Reflect  .    (no helmet)
rElec   +          Harm     .    (no cloak)
rCorr   .          Rampage  .    (no gloves)
Will    +....                    (no boots)
Stlth   +                        (no amulet)
HPRegen 0.25/turn                (no ring)
MPRegen 0.09/turn                (no ring)

@: no status effects
A: sickness immunity, AC +4, negative energy resistance 1, electricity
resistance, torment resistance 1, petrification resistance
a: no special abilities


You were on level 3 of the Dungeon.
You visited 1 branch of the dungeon, and saw 3 of its levels.

You collected 123 gold pieces.

Inventory:

Hand Weapons
 a - a +0 war axe (weapon)
 r - a +0 hand axe of flaming
Armour
 c - a +0 buckler (worn)
 m - a +1 ring mail of willpower (worn)
 p - a +0 ring mail of fire resistance
Scrolls
 e - 2 scrolls of identify {unknown}
 f - a scroll of noise {unknown}
 g - a scroll of immolation {unknown}
 j - a scroll of amnesia {unknown}
 k - a scroll of poison {unknown}
 o - a scroll of blinking {unknown}
Potions
 b - a potion of brilliance {unknown}
 d - 2 potions of might
 h - a potion of haste {unknown}
 i - 3 potions of heal wounds {unknown}
 l - a potion of resistance {unknown}
 n - a potion of flight {unknown}
 q - a potion of mutation {unknown}
 s - a potion of ambrosia {unknown}


   Skills:
 + Level 4.0 Fighting
 + Level 3.8 Axes
 + Level 4.2 Armour
 + Level 3.7 Shields


You had 4 spell levels left.
You didn't know any spells.
Your spell library contained the following spells:

 Spells                   Type           Power      Damage    Failure   Level
 Blink                    Tloc           0%         N/A       80%         2
 Static Discharge         Conj/Air       0%         2-2/arc   80%         2
 Vhi's Electric Charge    Tloc/Air       0%         N/A       95%         3
 Manifold Assault         Tloc           0%         N/A       100%        4
 Arcjolt                  Conj/Air       0%         1d10      100%        5
 Lightning Bolt           Conj/Air       0%         1d11      100%        5
 Storm Form               Tmut/Air       0%         N/A       100%        7


Dungeon Overview and Level Annotations

Branches:
Dungeon (3/15)

Altars:
Elyvilon

Annotations:
D:3 1 runed translucent door, Caestello's ghost, weakling AtWr; Crazy Yiuf; Sigmund


Innate Abilities, Weirdness & Mutations

You are immune to sickness and miasma.
Your stone body is resilient. (AC +4)
You are immune to poison.
You resist negative energy. (rN+)
You are resistant to electric shocks. (rElec)
You are resistant to unholy torment.
You are immune to petrification.


Message History

You slash Ijyb!
Ijyb is almost dead.
Ijyb barely misses you. You block something's attack.
You barely miss Ijyb.
Ijyb is almost dead.
Ijyb hits you with a +0 club.
You are too injured to fight recklessly!
You are too injured to fight recklessly!
You are too injured to fight recklessly!
You are too injured to fight recklessly!
You closely miss Ijyb.
Ijyb is almost dead.
Ijyb hits you but does no damage. You block something's attack.
Ijyb hits you but does no damage.
You hit Ijyb.
Ijyb is almost dead.
You barely miss the adder. You block the adder's attack.
You hear some strange, mumbled words.
A puff of flame appears from out of thin air!
The puff of flame misses you. Ijyb barely misses you.
The adder barely misses you. Something hits you but does no damage.
You barely miss Ijyb.
Ijyb is almost dead.
You closely miss the adder. The adder closely misses you.
Ijyb hits you but does no damage.
You hit Ijyb.
You kill Ijyb!
You barely miss the adder. The adder bites you but does no damage.
Something hits you but does no damage. The adder closely misses you.
Found a scroll labelled MAMAN MOLIZEI and a metallic red potion.
Something hits you!
* * * LOW HITPOINT WARNING * * *
Something freezes you.
* * * LOW HITPOINT WARNING * * *
The adder barely misses you.
Things that are here:
a +0 club; a +0 scale mail; a wand of roots (4) Caestello's ghost turns its malevolent gaze towards you.
Something hits you!
You die...

.≈~≈...............##..
............^.....##..!
.....#.†..........#⌠..♣.
..........##......##..W.
....###..#.........##...
....###....#........##⌠#
....##...###†#.......###
.........###.#†)S.......
#..........#.#.{@.......
#..........#............
........................
#..........###..........
####.####### ###########
.........# .........#
.........# ##########


You could see Caestello's ghost and an adder.

Vanquished Creatures
  Terence (D:3)
  Ijyb (D:3)
  Natasha (thrice) (D:3)
  2 dart slugs (D:2)
  5 orcs (D:3)
  3 bats
  4 endoplasms
  A giant cockroach (D:1)
  3 hobgoblins
  A quokka (D:1)
  6 ball pythons
  5 frilled lizards
  5 goblins
  4 kobolds
  4 rats
48 creatures vanquished.

Notes
Turn   | Place    | Note
-------+----------+-------------------------------------------
     0 | D:1      | bande the Gargoyle Fighter began the quest for the Orb.
     0 | D:1      | Reached XP level 1. HP: 14/14 MP: 1/1
    74 | D:1      | Reached XP level 2. HP: 17/19 MP: 2/2
   827 | D:2      | Reached XP level 3. HP: 24/24 MP: 3/3
  1069 | D:2      | You fall into a shaft and drop 1 floor!
  1097 | D:3      | Noticed Natasha
  1103 | D:3      | Killed Natasha
  1104 | D:3      | Reached XP level 4. HP: 22/29 MP: 4/4
  1177 | D:3      | Noticed Terence
  1188 | D:3      | Killed Terence
  1241 | D:3      | Noticed Natasha
  1243 | D:3      | Found a white marble altar of Elyvilon.
  1254 | D:3      | Killed Natasha
  1354 | D:3      | Reached XP level 5. HP: 33/33 MP: 5/5
  1367 | D:3      | Noticed Natasha
  1372 | D:3      | Killed Natasha
  1515 | D:3      | Found a runed translucent door.
  1516 | D:3      | Noticed Crazy Yiuf
  1589 | D:3      | Noticed Ijyb
  1589 | D:3      | Noticed Sigmund
  1602 | D:3      | Killed Ijyb
  1604 | D:3      | Noticed Caestello's ghost (weakling AtWr)
  1604 | D:3      | Slain by Sigmund

Illustrated notes

Levels and vault maps discovered:
D:1:      psy_arrival_dodecagon, layout_loops_ring, moated_statue
D:2:      layout_rooms, shapermc_ecumenical_altar_ellora,
          minmay_randomly_rotated_circles
D:3:      layout_rooms, elyvilon_altar_3, hellmonk_ghost_happy_afterlife,
          uniq_sigmund, uniq_terence, uniq_ijyb, uniq_crazy_yiuf_cottage,
          uniq_natasha

Skill      XL: |  1  2  3  4 |
---------------+-------------+-----
Axes           | 2 3 |  3.8
Armour         | 4 |  4.2
Fighting       | 4 |  4.0
Shields        | |  3.7

Action                   |  1- 3 |  4- 6 || total
-------------------------+-------+-------++-------
Melee: War axe           |    76 |    58 ||   134
Armor: Scale mail        |    51 |       ||    51
       Ring mail         |     2 |    38 ||    40
Dodge: Dodged            |    44 |    37 ||    81
Block: Buckler           |    19 |    14 ||    33

Table legend: (Time is in decaauts)
 A = Elapsed time spent in this place.
 B = Non-inter-level travel time spent in this place.
 C = Inter-level travel time spent in this place.
 D = Time resting spent in this place.
 E = Time spent auto-exploring this place.
 F = Levels seen in this place.
 G = Mean time per level.
                   A        B        C        D        E       F      G
               +--------+--------+--------+--------+--------+-----+--------+
         Total |   1660 |   1629 |     31 |    233 |    976 |   3 |  553.3 |
       Dungeon |   1660 |   1629 |     31 |    233 |    976 |   3 |  553.3 |
               +--------+--------+--------+--------+--------+-----+--------+

Top non-repeatable levels by time:
     D:1: 826 daAuts
     D:3: 560 daAuts
     D:2: 273 daAuts
